TOP OF THE 1ST |
Atlanta Braves batting - Pitching for New York Mets : RHP Jack Flaherty
|
Pitching: RHP Jack Flaherty
|
|
Batting: RHB Ronald Acuna Jr.
|
0-0: SOLO HOME RUN (Line Drive, 7D, EV 112.5 MPH), Distance : 455 ft
|
Batting: SHB Wander Franco
|
0-0: Ball 1-0: Ground out 5-3 (Groundball, 56, EV 99.4 MPH)
|
Batting: RHB Vladimir Guerrero Jr.
|
0-0: Ball 1-0: Called Strike 1-1: SOLO HOME RUN (Flyball, 8LXD, EV 113.8 MPH), Distance : 460 ft
|
Batting: LHB Yordan Alvarez
|
0-0: Called Strike 0-1: Foul Ball, location: 2F 0-2: Ball 1-2: Fly out, F9 (Flyball, 9S, EV 88.8 MPH)
|
Batting: LHB Kyle Schwarber
|
0-0: Foul Ball, location: 2F 0-1: Foul Ball, location: 7LMF 0-2: Strikes out swinging
|
Top of the 1st over - 2 runs, 2 hits, 0 errors, 0 left on base; Atlanta 2 - New York 0 |
BOTTOM OF THE 1ST |
New York Mets batting - Pitching for Atlanta Braves : RHP Luis Severino
|
Pitching: RHP Luis Severino
|
|
Batting: LHB Luis Arraez
|
0-0: Ball 1-0: Ball 2-0: Called Strike 2-1: SINGLE (Flyball, 4D, EV 94.4 MPH)
|
Batting: RHB Jeremy Pena
|
Pickoff Throw to First - Out! 1-3 0-0: Ball 1-0: Called Strike 1-1: Ball 2-1: Fly out, F7 (Flyball, 78M, EV 90.0 MPH)
|
Batting: SHB Ian Happ
|
0-0: Called Strike 0-1: Ball 1-1: SOLO HOME RUN (Flyball, 9D, EV 98.1 MPH), Distance : 369 ft
|
Batting: RHB Hunter Renfroe
|
0-0: Ball 1-0: Foul Ball, location: 2F 1-1: Ball 2-1: Ball 3-1: Base on Balls
|
Batting: RHB Rhys Hoskins
|
0-0: Foul Ball, location: 9LSF 0-1: Swinging Strike 0-2: Strikes out swinging, 2-3 out at first.
|
Bottom of the 1st over - 1 run, 2 hits, 0 errors, 1 left on base; Atlanta 2 - New York 1 |
TOP OF THE 2ND |
Atlanta Braves batting - Pitching for New York Mets : RHP Jack Flaherty
|
Batting: LHB Corey Seager
|
0-0: SOLO HOME RUN (Flyball, 9LD, EV 93.1 MPH), Distance : 341 ft
|
Batting: RHB Jorge Mateo
|
0-0: Ball 1-0: Bunt for hit to 13S - play at first, batter OUT! 1-3
|
Batting: SHB Rafael Marchan
|
0-0: Fly out, F7 (Line Drive, 7S, EV 103.1 MPH)
|
Batting: RHB Victor Victor Mesa
|
0-0: Foul Ball, location: 2F 0-1: Ball 1-1: Ball 2-1: DOUBLE (Line Drive, 78D, EV 108.8 MPH)
|
Batting: RHB Ronald Acuna Jr.
|
0-0: Ball 1-0: Called Strike 1-1: Swinging Strike 1-2: Ball 2-2: SINGLE (Line Drive, 4MD, EV 106.9 MPH) Victor Victor Mesa to third Runner from 3rd tries for Home, SAFE, throw by CF to home Ronald Acuna Jr. to second
|
Batting: SHB Wander Franco
|
0-0: Called Strike 0-1: SINGLE (Groundball, 5L, EV 97.5 MPH) Ronald Acuna Jr. to third Runner from 3rd tries for Home, SAFE, throw by LF to home
|
Batting: RHB Vladimir Guerrero Jr.
|
0-0: Ball 1-0: Called Strike 1-1: Fly out, F5 (Popup, 56S, EV 82.5 MPH)
|
Top of the 2nd over - 3 runs, 4 hits, 0 errors, 1 left on base; Atlanta 5 - New York 1 |
BOTTOM OF THE 2ND |
New York Mets batting - Pitching for Atlanta Braves : RHP Luis Severino
|
Batting: RHB Jordan Diaz
|
0-0: Foul Ball, location: 2F 0-1: Ground out 6-3 (Groundball, 6, EV 80.6 MPH)
|
Batting: RHB Kyle Farmer
|
0-0: Ball 1-0: Foul Ball, location: 2F 1-1: Ball 2-1: SINGLE (Groundball, 34D, EV 103.1 MPH)
|
Batting: RHB David Hensley
|
0-0: Ball 1-0: Ball 2-0: Swinging Strike 2-1: Foul Ball, location: 5DF 2-2: Strikes out swinging
|
Batting: RHB Jose Azocar
|
0-0: Ground out 5-3 (Groundball, 56S, EV 76.9 MPH)
|
Bottom of the 2nd over - 0 runs, 1 hit, 0 errors, 1 left on base; Atlanta 5 - New York 1 |
TOP OF THE 3RD |
Atlanta Braves batting - Pitching for New York Mets : RHP Jack Flaherty
|
Batting: LHB Yordan Alvarez
|
0-0: Ball 1-0: Foul Ball, location: 3F 1-1: Foul Ball, location: 7LMF 1-2: Foul Ball, location: 3F 1-2: Ball 2-2: Strikes out swinging
|
Batting: LHB Kyle Schwarber
|
0-0: Ball 1-0: Ball 2-0: Ball 3-0: Called Strike 3-1: Fly out, F9 (Flyball, 89M, EV 90.6 MPH)
|
Batting: LHB Corey Seager
|
0-0: Ball 1-0: Swinging Strike 1-1: SINGLE (Flyball, 8LS, EV 94.4 MPH)
|
Batting: RHB Jorge Mateo
|
0-0: Swinging Strike 0-1: Called Strike 0-2: Strikes out swinging
|
Top of the 3rd over - 0 runs, 1 hit, 0 errors, 1 left on base; Atlanta 5 - New York 1 |
BOTTOM OF THE 3RD |
New York Mets batting - Pitching for Atlanta Braves : RHP Luis Severino
|
Batting: LHB Luis Arraez
|
0-0: Ball 1-0: Called Strike 1-1: SINGLE (Line Drive, 4MD, EV 96.9 MPH)
|
Batting: RHB Jeremy Pena
|
0-0: Called Strike 0-1: Ball 1-1: Foul Ball, location: 3F 1-2: SINGLE (Groundball, 34, EV 111.3 MPH) Luis Arraez to second Runner from 2nd tries for 3rd, SAFE, throw by RF made to third
|
Batting: SHB Ian Happ
|
0-0: Ball 1-0: Fly out, F8 (Flyball, 89D, EV 78.8 MPH) Runner from 3rd tags up, OUT at HOME! 8-2 Jeremy Pena to second
|
Batting: RHB Hunter Renfroe
|
0-0: Ball 1-0: Called Strike 1-1: Foul Ball, location: 23F 1-2: Strikes out swinging
|
Bottom of the 3rd over - 0 runs, 2 hits, 0 errors, 1 left on base; Atlanta 5 - New York 1 |
TOP OF THE 4TH |
Atlanta Braves batting - Pitching for New York Mets : RHP Jack Flaherty
|
Batting: SHB Rafael Marchan
|
0-0: Foul Ball, location: 2F 0-1: Called Strike 0-2: Ball 1-2: Foul Ball, location: 7LMF 1-2: Foul Ball, location: 2F 1-2: Ball 2-2: Ball 3-2: Base on Balls
|
Pitching: RHP J.P. Feyereisen
|
|
Batting: RHB Victor Victor Mesa
|
0-0: Ball 1-0: Ball 2-0: Fly out, F8 (Flyball, 8RD, EV 88.1 MPH)
|
Batting: RHB Ronald Acuna Jr.
|
0-0: Foul Ball, location: 7LDF 0-1: Foul Ball, location: 2F 0-2: Foul Ball, location: 9LMF 0-2: Strikes out swinging
|
Batting: SHB Wander Franco
|
0-0: Ball 1-0: Fly out, F7 (Flyball, 78S, EV 91.3 MPH)
|
Top of the 4th over - 0 runs, 0 hits, 0 errors, 1 left on base; Atlanta 5 - New York 1 |
BOTTOM OF THE 4TH |
New York Mets batting - Pitching for Atlanta Braves : RHP Luis Severino
|
Batting: RHB Rhys Hoskins
|
0-0: Ball 1-0: Foul Ball, location: 2F 1-1: Ball 2-1: Ball 3-1: Swinging Strike 3-2: Foul Ball, location: 9LSF 3-2: Strikes out swinging
|
Batting: RHB Jordan Diaz
|
0-0: Ball 1-0: Called Strike 1-1: DOUBLE (Line Drive, 9LM, EV 107.5 MPH)
|
Batting: RHB Kyle Farmer
|
0-0: Called Strike 0-1: Ball 1-1: Swinging Strike 1-2: Ball 2-2: Ball 3-2: Fly out, F7 (Flyball, 78D, EV 105.6 MPH)
|
Batting: RHB David Hensley
|
0-0: Called Strike 0-1: Ball 1-1: Fly out, F8 (Flyball, 89M, EV 98.8 MPH)
|
Bottom of the 4th over - 0 runs, 1 hit, 0 errors, 1 left on base; Atlanta 5 - New York 1 |
TOP OF THE 5TH |
Atlanta Braves batting - Pitching for New York Mets : RHP J.P. Feyereisen
|
Pitching: RHP Freddy Tarnok
|
|
Now at C: Shea Langeliers
|
|
Batting: RHB Vladimir Guerrero Jr.
|
0-0: Ball 1-0: Ball 2-0: Called Strike 2-1: Fly out, F8 (Flyball, 8RD, EV 94.4 MPH)
|
Batting: LHB Yordan Alvarez
|
0-0: Called Strike 0-1: Swinging Strike 0-2: Foul Ball, location: 23F 0-2: Strikes out swinging
|
Batting: LHB Kyle Schwarber
|
0-0: Ball 1-0: Ball 2-0: Ball 3-0: Base on Balls
|
Batting: LHB Corey Seager
|
0-0: Swinging Strike 0-1: Ball 1-1: Foul Ball, location: 2LF 1-2: Strikes out swinging
|
Top of the 5th over - 0 runs, 0 hits, 0 errors, 1 left on base; Atlanta 5 - New York 1 |
BOTTOM OF THE 5TH |
New York Mets batting - Pitching for Atlanta Braves : RHP Luis Severino
|
Pitching: RHP Hunter Harvey
|
|
Now at 1B: Austin Barnes
|
|
Now in LF: Tyler O'Neill
|
|
Batting: RHB Jose Azocar
|
0-0: Foul Ball, location: 9LSF 0-1: Foul Ball, location: 2F 0-2: Fly out, F8 (Flyball, 8LM, EV 100.0 MPH)
|
Pinch Hitting: LHB Andres Gimenez
|
0-0: Swinging Strike 0-1: Ball 1-1: Ball 2-1: Ball 3-1: Called Strike 3-2: Foul Ball, location: 9LMF 3-2: DOUBLE (Line Drive, 78M, EV 105.6 MPH)
|
Batting: RHB Jeremy Pena
|
0-0: SINGLE (Groundball, 6MD, EV 100.0 MPH) Andres Gimenez to third Runner from 3rd tries for Home, SAFE, throw by CF to home
|
Pinch Hitting: LHB Jake McCarthy
|
0-0: Ball 1-0: Ball 2-0: Foul Ball, location: 2F 2-1: Ball 3-1: Called Strike 3-2: Foul Ball, location: 7LMF 3-2: Foul Ball, location: 7LDF 3-2: Strikes out swinging
|
Batting: RHB Hunter Renfroe
|
0-0: Swinging Strike 0-1: Swinging Strike 0-2: Foul Ball, location: 2F 0-2: Foul Ball, location: 5F 0-2: Strikes out swinging
|
Bottom of the 5th over - 1 run, 2 hits, 0 errors, 1 left on base; Atlanta 5 - New York 2 |
TOP OF THE 6TH |
Atlanta Braves batting - Pitching for New York Mets : RHP Freddy Tarnok
|
Pitching: RHP Evan Phillips
|
|
Now at 2B: Andres Gimenez
|
|
Now in LF: Bryan Reynolds
|
|
Now in CF: Jake McCarthy
|
|
Batting: RHB Jorge Mateo
|
0-0: Ball 1-0: Ball 2-0: Ground out 2-3 (Groundball, 2R, EV 71.3 MPH)
|
Batting: SHB Rafael Marchan
|
0-0: Ball 1-0: Ball 2-0: Fly out, F7 (Line Drive, 7, EV 97.5 MPH)
|
Batting: RHB Victor Victor Mesa
|
0-0: Called Strike 0-1: Ball 1-1: Reached via error on a dropped throw from 3B, E3 (Groundball, 56, EV 86.9 MPH)
|
Batting: RHB Ronald Acuna Jr.
|
0-0: Ground out 4-3 (Groundball, 4, EV 88.1 MPH)
|
Top of the 6th over - 0 runs, 0 hits, 1 error, 1 left on base; Atlanta 5 - New York 2 |
BOTTOM OF THE 6TH |
New York Mets batting - Pitching for Atlanta Braves : RHP Hunter Harvey
|
Pitching: RHP Paul Blackburn
|
|
Batting: RHB Eugenio Suarez
|
0-0: Called Strike 0-1: Ball 1-1: Called Strike 1-2: Ball 2-2: Foul Ball, location: 9LSF 2-2: Fly out, F9 (Flyball, 9D, EV 100.0 MPH)
|
Pinch Hitting: RHB Brent Rooker
|
0-0: Swinging Strike 0-1: Ground out 2-3 (Groundball, 2L, EV 72.5 MPH)
|
Batting: RHB Shea Langeliers
|
0-0: Fly out, F8 (Flyball, 78S, EV 94.4 MPH)
|
Bottom of the 6th over - 0 runs, 0 hits, 0 errors, 0 left on base; Atlanta 5 - New York 2 |
TOP OF THE 7TH |
Atlanta Braves batting - Pitching for New York Mets : RHP Evan Phillips
|
Pitching: RHP Ron Marinaccio
|
|
Now at 1B: Brent Rooker
|
|
Batting: SHB Wander Franco
|
0-0: SINGLE (Line Drive, 5D, EV 71.3 MPH)
|
Batting: RHB Tyler O'Neill
|
0-0: Ball 1-0: Ball 2-0: Foul Ball, location: 2F 2-1: Ball 3-1: Foul Ball, location: 7LMF 3-2: Base on Balls Wander Franco to second
|
Batting: RHB Austin Barnes
|
0-0: Ball 1-0: Ball 2-0: Hit by Pitch Wander Franco to third Tyler O'Neill to second
|
Batting: LHB Kyle Schwarber
|
0-0: Fly out, F8 (Flyball, 78XD, EV 110.0 MPH) Runner from 3rd tags up, SCORES, no throw by CF
|
Batting: LHB Corey Seager
|
0-0: Ball 1-0: Ball 2-0: Ball 3-0: Base on Balls Tyler O'Neill to third Austin Barnes to second
|
Batting: RHB Jorge Mateo
|
0-0: Ball 1-0: Called Strike 1-1: Ball 2-1: SINGLE (Line Drive, 89S, EV 85.6 MPH) Tyler O'Neill scores Austin Barnes to third Corey Seager to second
|
Batting: SHB Rafael Marchan
|
0-0: Called Strike 0-1: Ball 1-1: Ball 2-1: Foul Ball, location: 23F 2-2: Strikes out swinging
|
Pitching: RHP Max Scherzer
|
|
Batting: RHB Victor Victor Mesa
|
0-0: Foul Ball, location: 2F 0-1: Foul Ball, location: 2F 0-2: Ball 1-2: Strikes out swinging
|
Top of the 7th over - 2 runs, 2 hits, 0 errors, 3 left on base; Atlanta 7 - New York 2 |
BOTTOM OF THE 7TH |
New York Mets batting - Pitching for Atlanta Braves : RHP Paul Blackburn
|
Pinch Hitting: RHB Buddy Kennedy
|
0-0: Ball 1-0: Fly out, F8 (Line Drive, 8LD, EV 100.0 MPH)
|
Batting: SHB Bryan Reynolds
|
0-0: Ball 1-0: Ball 2-0: Ball 3-0: Called Strike 3-1: SINGLE (Line Drive, 8RS, EV 92.5 MPH)
|
Batting: LHB Andres Gimenez
|
0-0: Called Strike 0-1: Ball 1-1: Ball 2-1: Swinging Strike 2-2: Foul Ball, location: 7LMF 2-2: Strikes out swinging
|
Pinch Hitting: RHB Jacob Amaya
|
0-0: Ball 1-0: Called Strike 1-1: Foul Ball, location: 2LF 1-2: Fly out, F8 (Flyball, 8RD, EV 107.5 MPH)
|
Bottom of the 7th over - 0 runs, 1 hit, 0 errors, 1 left on base; Atlanta 7 - New York 2 |
TOP OF THE 8TH |
Atlanta Braves batting - Pitching for New York Mets : RHP Max Scherzer
|
Now at 3B: Buddy Kennedy
|
|
Now at SS: Jacob Amaya
|
|
Batting: RHB Ronald Acuna Jr.
|
0-0: Called Strike 0-1: Called Strike 0-2: Strikes out looking
|
Batting: SHB Wander Franco
|
0-0: Ball 1-0: Foul Ball, location: 9LDF 1-1: Fly out, F9 (Flyball, 89S, EV 89.4 MPH)
|
Batting: RHB Tyler O'Neill
|
0-0: Called Strike 0-1: Foul Ball, location: 2F 0-2: Foul Ball, location: 2F 0-2: Reached via error on a dropped throw from SS, E3 (Groundball, 6M, EV 85.6 MPH)
|
Batting: RHB Austin Barnes
|
0-0: Ball 1-0: SINGLE (Groundball, 4MD, EV 98.1 MPH) Tyler O'Neill to second Runner from 2nd tries for 3rd, SAFE, no throw by CF
|
Batting: LHB Kyle Schwarber
|
0-0: Swinging Strike 0-1: Ball 1-1: Ball 2-1: Ball 3-1: Ground out 2-3 (Groundball, 13S, EV 64.4 MPH)
|
Top of the 8th over - 0 runs, 1 hit, 1 error, 2 left on base; Atlanta 7 - New York 2 |
BOTTOM OF THE 8TH |
New York Mets batting - Pitching for Atlanta Braves : RHP Paul Blackburn
|
Pitching: RHP Kyle Finnegan
|
|
Batting: LHB Jake McCarthy
|
0-0: Ball 1-0: Called Strike 1-1: Swinging Strike 1-2: Ball 2-2: Ground out 5-3 (Groundball, 56S, EV 91.9 MPH)
|
Pinch Hitting: LHB Alec Burleson
|
0-0: Ball 1-0: SINGLE (Line Drive, 9S, EV 100.6 MPH)
|
Batting: RHB Eugenio Suarez
|
0-0: Foul Ball, location: 25F 0-1: Foul Ball, location: 2LF 0-2: Ball 1-2: Fly out, F7 (Flyball, 7LS, EV 90.6 MPH)
|
Batting: RHB Brent Rooker
|
0-0: Foul Ball, location: 2F 0-1: Ball 1-1: Foul Ball, location: 5F 1-2: Ball 2-2: SINGLE (Groundball, 4M, EV 102.5 MPH) (infield hit) Alec Burleson to second
|
Batting: RHB Shea Langeliers
|
0-0: Ball 1-0: Fielders Choice at 2nd, 6-4 (Groundball, 6, EV 84.4 MPH)
|
Bottom of the 8th over - 0 runs, 2 hits, 0 errors, 2 left on base; Atlanta 7 - New York 2 |
TOP OF THE 9TH |
Atlanta Braves batting - Pitching for New York Mets : RHP Max Scherzer
|
Pitching: RHP Giovanny Gallegos
|
|
Now in RF: Alec Burleson
|
|
Batting: LHB Corey Seager
|
0-0: Called Strike 0-1: Ball 1-1: Called Strike 1-2: Fly out, F8 (Flyball, 8RS, EV 95.0 MPH)
|
Batting: RHB Jorge Mateo
|
0-0: Fly out, F9 (Line Drive, 9D, EV 98.8 MPH)
|
Batting: SHB Rafael Marchan
|
0-0: Fly out, F8 (Flyball, 8RD, EV 103.1 MPH)
|
Top of the 9th over - 0 runs, 0 hits, 0 errors, 0 left on base; Atlanta 7 - New York 2 |
BOTTOM OF THE 9TH |
New York Mets batting - Pitching for Atlanta Braves : RHP Kyle Finnegan
|
Pitching: RHP Jon Gray
|
|
Batting: RHB Buddy Kennedy
|
0-0: Called Strike 0-1: Foul Ball, location: 9LMF 0-2: Strikes out swinging
|
Batting: SHB Bryan Reynolds
|
0-0: SINGLE (Groundball, 56D, EV 101.9 MPH)
|
Batting: LHB Andres Gimenez
|
0-0: Ball 1-0: Foul Ball, location: 25F 1-1: Called Strike 1-2: Strikes out swinging
|
Batting: RHB Jacob Amaya
|
0-0: Called Strike 0-1: Ball 1-1: Ball 2-1: Foul Ball, location: 2F 2-2: Ball 3-2: Base on Balls Bryan Reynolds to second
|
Batting: LHB Jake McCarthy
|
0-0: Called Strike 0-1: Foul Ball, location: 7LSF 0-2: Foul Ball, location: 2F 0-2: Ball 1-2: SINGLE (Line Drive, 7S, EV 89.4 MPH) Bryan Reynolds to third Jacob Amaya to second
|
Batting: LHB Alec Burleson
|
0-0: Called Strike 0-1: Ball 1-1: GRAND SLAM HOME RUN (Flyball, 9D, EV 100.0 MPH), Distance : 383 ft
|
Pitching: RHP Shelby Miller
|
|
Batting: SHB Victor Caratini
|
0-0: Swinging Strike 0-1: SINGLE (Groundball, 34D, EV 97.5 MPH)
|
Pinch Hitting: LHB Mason Martin
|
0-0: Ball 1-0: Ball 2-0: Foul Ball, location: 2F 2-1: DOUBLE (Line Drive, 89D, EV 108.1 MPH) Victor Caratini to third
|
Batting: RHB Shea Langeliers
|
0-0: Called Strike 0-1: Ball 1-1: Ball 2-1: Ball 3-1: Swinging Strike 3-2: Strikes out swinging
|
Bottom of the 9th over - 4 runs, 5 hits, 0 errors, 2 left on base; Atlanta 7 - New York 6 |
|